 Dungeon Crawl Stone Soup version 0.30.0-2-g1aa4bd4387 (webtiles) character file.

Game seed: 7812745856139258062

46 Kenran the Cudgeller (level 3, -3/23 HPs)
             Began as a Gargoyle Chaos Knight on May 7, 2023.
             Was a Plaything of Xom.
             Slain by a gnoll
             ... wielding a +0 whip
              (5 damage)
             ... on level 2 of the Dungeon.
             The game lasted 00:02:10 (828 turns).

Kenran the Cudgeller (Gargoyle Chaos Knight)         Turns: 828, Time: 00:02:10

Health: -3/23      AC: 13    Str: 17    XL:     3   Next: 66%
Magic:  3/3        EV: 11    Int: 12    God:    Xom [..*...]
Gold:   43         SH:  0    Dex:  9    Spells: 2/2 levels left

rFire   . . .        a - +0 mace (chaos)
rCold   . . .        (no shield)
rNeg    + . .        b - +2 leather armour
rPois   ∞            f - +0 helmet
rElec   +            (no cloak)
rCorr   +            (no gloves)
SInv    .            (no boots)
Will    .....        (no amulet)
Stlth   +            R - ring of resist corrosion
HPRegen 0.23/turn    O - +4 ring of protection
MPRegen 0.08/turn

%: no passive effects
@: no status effects
A: sickness immunity, AC +3, negative energy resistance 1, electricity
resistance, torment resistance 1, petrification resistance
a: Renounce Religion


You were on level 2 of the Dungeon.
You worshipped Xom.
You were a toy of Xom.
You visited 1 branch of the dungeon, and saw 2 of its levels.

You collected 43 gold pieces.


Innate Abilities, Weirdness & Mutations

You are immune to sickness and miasma.
Your stone body is resilient. (AC +3)
You are immune to poison.
You resist negative energy. (rN+)
You are resistant to electric shocks. (rElec)
You are resistant to unholy torment.
You are immune to petrification.


   Skills:
 - Level 3.2 Fighting
 + Level 4.5 Maces & Flails
 - Level 2.1 Armour
 - Level 0.7 Dodging


You had 2 spell levels left.
You didn't know any spells.
Your spell library was empty.

Inventory:

Hand Weapons
 a - a +0 mace of chaos (weapon)
Armour
 b - a +2 leather armour (worn)
 f - a +0 helmet (worn)
   (You found it on level 2 of the Dungeon)
Jewellery
 O - a +4 ring of protection (right hand)
   (You found it on level 1 of the Dungeon)
 R - a ring of resist corrosion (left hand)
   (You found it on level 1 of the Dungeon)
Scrolls
 d - a scroll of blinking {!r}
 g - a scroll of fog
Miscellaneous
 c - a piece from Xom's chessboard (14/15) (quivered)

Dungeon Overview and Level Annotations

Branches:
Dungeon (2/15) Zot: 11151

Altars:

Annotations:
D:2 Sigmund

... #.# . #..#
#.# #. #..# #.#
###.##..####.#
.............#
...g#..####g#
#...... ###.#
#...#.# #...# ..
##..##@# #.#.#
....#.#.##g#
#.#.# #[......{.#
#...# #...##.####
#..##
.....#.######..##
#.(.....)...#
#.#########..# #.
#..# .
########..#


You could see 2 gnolls.


Message History

You have reached level 3!
Your experience leads to an increase in your attributes!
Increase (S)trength, (I)ntelligence, or (D)exterity?
You feel stronger. x2 😎 HP[+4] MP[+1]
You now have 23 max hp (+4).
Your hp is fully restored (23).
Your mp is fully restored (3).
You closely miss the jackal.
The jackal bites you but does no damage. x2
You sock the jackal!
You kill the jackal!
No target in view!
No target in view!
An adder comes into view.
The adder hisses angrily.
You sock the adder! The adder barely misses you. The adder closely misses you.
You closely miss the adder. The adder barely misses you.
You completely miss the adder. The adder bites you.
The adder bites you but does no damage. 😕 HP[-1]
You take 1 damage, and now have 22/23 hp.
You hit the adder.
The adder seems to slow down.
You freeze the adder. The adder misses you. 😎 HP[+1]
Your hp is fully restored (23).
You sock the adder!
You kill the adder!
No target in view!
f - a scroll of identify {@r1}
As you read the scroll of identify {@r1}, it crumbles to dust.
e - a scroll of torment
f - a +0 helmet You start putting on your armour.
You continue putting on your +0 helmet. x4
You finish putting on your +0 helmet.
Sigmund, an endoplasm and a gnoll come into view.
The gnoll shouts!
You hear a shout!
Sigmund points at you and mumbles some strange words.
The magic dart hits you but does no damage.
A gnoll comes into view. It is wielding a +0 whip.
The endoplasm quivers.
You aren't carrying any potions.
Unknown command.
You aren't carrying any potions.
Unknown command.
You start waiting.
There are monsters nearby!
The endoplasm freezes you.
You are frozen. 😕 HP[-1]
You take 1 damage, and now have 22/23 hp.
You sock the endoplasm!
You kill the endoplasm!
The gnoll throws a throwing net.
The throwing net barely misses you.
Sigmund hits you from afar with a +0 scythe! 😮 HP[-7]
You take 7 damage, and now have 15/23 hp.
MASSIVE DAMAGE!! (PAUSE) Really read
e - a scroll of torment {!r}?
Really read the scroll of torment?
As you read the scroll of torment {!r}, it crumbles to dust.
Your body is wracked with pain!
The gnoll convulses!
Sigmund convulses!
The gnoll hits you but does no damage. 😮 HP[-2]
You take 2 damage, and now have 13/23 hp.
You hit the gnoll. Sigmund hits you but does no damage.
The gnoll hits you but does no damage.
You hit the gnoll.
The gnoll is poisoned.
Sigmund drinks a potion.
Sigmund's spells are empowered!
The gnoll barely misses you. 😮 HP[+1]
Okay, then.
Okay, then.
You make a move on Xom's chessboard...
The gnoll seems to grow stronger.
Sigmund mumbles some strange words.
Sigmund flickers and vanishes!
Deactivating autopickup; reactivate with Ctrl-A.
The gnoll barely misses you.
You completely miss the gnoll.
You kill the gnoll!
Something hits you.
* * * LOW HITPOINT WARNING * * *
😨 HP[-4]
You take 4 damage, and now have 10/23 hp. 😨 HP[+1]
A puff of flame appears from out of thin air!
The puff of flame hits you.
* * * LOW HITPOINT WARNING * * *
😨 HP[-3]
You take 3 damage, and now have 8/23 hp.
A gnoll comes into view. It is wielding a +0 spear. 😨 HP[+1]
The gnoll shouts!
You hit the gnoll but do no damage.
The gnoll throws a stone.
The stone hits you but does no damage.
The gnoll hits you but does no damage. 😨 HP[+1]
You hit the gnoll. You freeze the gnoll. The gnoll hits you but does no damage.
Something hits you!
* * * LOW HITPOINT WARNING * * *
The gnoll hits you with a +0 whip.
You die...

Skill      XL: |  1  2 |
---------------+-------+-----
Maces & Flails | 4 |  4.5
Fighting       | |  3.2
Armour         | |  2.1
Dodging        | |  0.7

Action                     || total
---------------------------++-------
  Melee: Mace              ||    67
  Evoke: Piece from Xom's  ||     1
    Use: Scroll            ||     4
   Stab: Paralysed         ||     1
 Armour: Leather armour    ||    35
  Dodge: Dodged            ||    45

Levels and vault maps discovered:
D:1:      tarquinn_simple_flora_water_b, layout_basic, serial_rivers,
          chequers_serial_rivers_small_3, chequers_serial_rivers_micro_d,
          chequers_serial_rivers_small_a, chequers_serial_rivers_micro_a,
          chequers_serial_rivers_micro_a, corexii_hall_statues_u,
          minmay_misc_feat_ornament
D:2:      layout_loops_ring, uniq_sigmund, uniq_jessica

Notes
Turn   | Place    | Note
-------+----------+-------------------------------------------
     0 | D:1      | Kenran the Gargoyle Chaos Knight began the quest for the
                  | Orb.
     0 | D:1      | Reached XP level 1. HP: 14/14 MP: 1/1
     0 | D:1      | magus.rc [v1.11.6]
   117 | D:1      | Reached XP level 2. HP: 19/19 MP: 2/2
   189 | D:1      | XOM: divination: detect creatures
   522 | D:1      | Reached skill level 4 in Maces & Flails
   713 | D:2      | Reached XP level 3. HP: 23/23 MP: 3/3
   792 | D:2      | Noticed Sigmund
   828 | D:2      | HP: 2/23 [something (8)]
   828 | D:2      | Slain by a gnoll

Vanquished Creatures
  An adder (D:2)
  A gnoll (D:2)
  A dart slug (D:1)
  3 ball pythons (D:1)
  2 endoplasms
  2 giant cockroaches (D:1)
  3 hobgoblins (D:1)
  2 jackals (D:2)
  A kobold (D:1)
  2 quokkas (D:1)
  2 bats (D:1)
  A frilled lizard (D:2)
  A rat (D:1)
22 creatures vanquished.

Table legend:
 A = Non-vault XP
 B = Vault XP
 C = Vault XP percentage of total XP
 D = Non-vault monster count
 E = Vault monster count
 F = Vault count percentage of total count
                 A         B        C        D         E       F
            +---------+---------+-------+---------+---------+-------
      Total |      66 |       0 |   0.0 |      22 |       0 |   0.0
            +---------+---------+-------+---------+---------+-------
        D:1 |      31 |       0 |   0.0 |      16 |       0 |   0.0
        D:2 |      35 |       0 |   0.0 |       6 |       0 |   0.0
            +---------+---------+-------+---------+---------+-------

Skill      XL: |  1  2 |
---------------+-------+-----
Maces & Flails | 4 |  4.5
Fighting       | |  3.2
Armour         | |  2.1
Dodging        | |  0.7

Action                     || total
---------------------------++-------
  Melee: Mace              ||    67
  Evoke: Piece from Xom's  ||     1
    Use: Scroll            ||     4
   Stab: Paralysed         ||     1
 Armour: Leather armour    ||    35
  Dodge: Dodged            ||    45

Illustrated notes

Table legend:
 A = Kills in this place as a percentage of kills in the entire game.
 B = Kills by you in this place as a percentage of kills by you in the entire game.
 C = Kills by friends in this place as a percentage of kills by friends in the entire game.
 D = Other kills in this place as a percentage of other kills in the entire game.
 E = Experience gained in this place as a percentage of experience gained in the entire game.
 F = Experience gained in this place divided by the number of levels of this place that you have seen.
                   A       B       C       D       E      F
               +-------+-------+-------+-------+-------+----------------------
         Total | 100.0 | 100.0 |   N/A |   N/A | 100.0 |  33.0
       Dungeon | 100.0 | 100.0 |   N/A |   N/A | 100.0 |  33.0
               +-------+-------+-------+-------+-------+----------------------

Table legend: (Time is in decaauts)
 A = Elapsed time spent in this place.
 B = Non-inter-level travel time spent in this place.
 C = Inter-level travel time spent in this place.
 D = Time resting spent in this place.
 E = Time spent auto-exploring this place.
 F = Levels seen in this place.
 G = Mean time per level.
                   A        B        C        D        E       F      G
               +--------+--------+--------+--------+--------+-----+--------+
         Total |    847 |    826 |     21 |     44 |    577 |   2 |  423.5 |
       Dungeon |    847 |    826 |     21 |     44 |    577 |   2 |  423.5 |
               +--------+--------+--------+--------+--------+-----+--------+

Top non-repeatable levels by time:
     D:1: 706 daAuts
     D:2: 141 daAuts
